 Dungeon Crawl Stone Soup version 0.18.1-8-gdd0e5ea (webtiles) character file.

65 rockintein the Chopper (level 3, -11/34 HPs)
             Began as a Minotaur Berserker on June 11, 2016.
             Was a Believer of Trog.
             Mangled by a worm (12 damage)
             ... on level 2 of the Dungeon.
             The game lasted 00:01:30 (1210 turns).

rockintein the Chopper (Minotaur Berserker)         Turns: 1210, Time: 00:01:30

Health: -11/34     AC:  2    Str: 22    XL:     3   Next: 92%
Magic:  2/2        EV: 12    Int:  4    God:    Trog [**....]
Gold:   74         SH:  0    Dex:  9    Spells: 0 memorised, 2 levels left

rFire  . . .     SeeInvis .     a - +0 hand axe
rCold  . . .     Gourm    .     b - +0 animal skin
rNeg   . . .     Faith    .     (no shield)
rPois  .         Spirit   .     (helmet restricted)
rElec  .         Dismiss  .     (no cloak)
rCorr  .         Reflect  .     (no gloves)
SustAt .         Harm     .     (no boots)
MR     .....                    (no amulet)
Stlth  +.........               (no ring)
                                (no ring)

@: not resistant to hostile enchantments, very unstealthy
A: retaliatory headbutt, horns 2
a: Berserk, Trog's Hand, Burn Spellbooks, Renounce Religion


You were on level 2 of the Dungeon.
You worshipped Trog.
Trog was pleased with you.
You were not hungry.

You visited 1 branch of the dungeon, and saw 2 of its levels.

You collected 74 gold pieces.

Inventory:

Hand Weapons
 a - a +0 hand axe (weapon)
Armour
 b - a +0 animal skin (worn)
Jewellery
 f - an uncursed ring of positive energy {unknown}
Scrolls
 g - 2 scrolls of amnesia {unknown}
 j - a scroll of immolation {unknown}
 k - a scroll of remove curse {unknown}
 m - a scroll of random uselessness {unknown}
Potions
 d - a potion of cure mutation
 e - a potion of flight {unknown}
 i - a potion of mutation {unknown}
Comestibles
 c - 3 bread rations
 h - a meat ration
 l - a beef jerky
 n - 2 chunks of flesh


   Skills:
 + Level 4.4 Fighting
 * Level 4.6 Axes
 + Level 3.4 Armour
 - Level 2.1 Dodging


You had 2 spell levels left.
You didn't know any spells.

Dungeon Overview and Level Annotations

Branches:
Dungeon (2/15)

Altars:
Ashenzari
Kikubaaqudgha
Nemelex Xobeh
Trog


Innate Abilities, Weirdness & Mutations

You reflexively headbutt those who attack you in melee.
You have a pair of horns on your head.


Message History

You are too injured to fight recklessly!
You are too injured to fight recklessly!
You are too injured to fight recklessly!
You are too injured to fight recklessly!
You are too injured to fight recklessly!
You are too injured to fight recklessly!
You are too injured to fight recklessly!
You are too injured to fight recklessly!
You are too injured to fight recklessly!
You are too injured to fight recklessly!
You are too injured to fight recklessly!
You are too injured to fight recklessly!
You are too injured to fight recklessly!
You are too injured to fight recklessly!
You are too injured to fight recklessly!
You are too injured to fight recklessly!
Drink which item? (? for menu, Esc to quit)
It was a potion of cure mutation.
It has a very clean taste.
The worm bites you!
You die...

#.## ##....<... #.# ###........
###.##### #####..........
##...#...###.))####........
#######..###.###.).....##........
#.......##..<##.).._....##.......
#..........####.........##.......
#......##### #..ww###....#.......
####### #..@##y##...#.######
#..†.###....#.# #...........#.#
##.........##.# ##.......##..#
####'####..## #.##...## #....###
######


You could see a moth of wrath and 2 worms.

Vanquished Creatures
  An adder (D:2)
  An ooze (D:2)
  3 worms (D:2)
  A giant cockroach (D:1)
  A goblin (D:1)
  8 hobgoblins
  7 jackals
  A ball python (D:1)
  2 bats (D:2)
  5 giant newts
  7 kobolds
  5 rats
42 creatures vanquished.

Notes
Turn   | Place    | Note
--------------------------------------------------------------
     0 | D:1      | rockintein the Minotaur Berserker began the quest for the Orb.
     0 | D:1      | Reached XP level 1. HP: 19/19 MP: 0/0
   289 | D:1      | Reached XP level 2. HP: 26/27 MP: 1/1
   810 | D:2      | Reached ** piety under Trog
   814 | D:2      | Reached XP level 3. HP: 26/33 MP: 2/2
   969 | D:2      | Found a sparkling altar of Nemelex Xobeh.
   969 | D:2      | Found a bloodstained altar of Trog.
   970 | D:2      | Found a shattered altar of Ashenzari.
   996 | D:2      | Found an ancient bone altar of Kikubaaqudgha.
  1196 | D:2      | Noticed a moth of wrath
  1198 | D:2      | Found a bloodstained altar of Trog.
  1209 | D:2      | HP: 1/34 [worm (16)]
  1210 | D:2      | Mangled by a worm

Skill      XL: |  1  2 |
---------------+-------+-----
Armour         | 3 |  3.4
Fighting       | 4 |  4.4
Axes           | 4 |  4.6
Dodging        | |  2.1

Action                   || total
-------------------------++-------
Melee: Hand axe          ||    70
       Headbutt          ||    12
  Use: Potion            ||     1
  Eat: Chunk             ||     1
Armor: Animal skin       ||    13
Dodge: Dodged            ||    59
